 Dungeon Crawl Stone Soup version 0.30-a0-242-g7bf8e6d787 (console) character file.

Game seed: 16971396995179245303

121767 jejorda2 the Phalangite (level 16, -5/127 HPs)
             Began as a Merfolk Berserker on Oct 11, 2022.
             Was a High Priest of Trog.
             Killed from afar by a fire giant (46 damage)
             ... with a fireball
             ... on level 15 of the Dungeon.
             The game lasted 01:00:19 (21082 turns).

jejorda2 the Phalangite (Merfolk Berserker)        Turns: 21082, Time: 01:00:19

Health: -5/127     AC: 34    Str: 24    XL:     16   Next: 85%
Magic:  16/16      EV: 12    Int: 10    God:    Trog [*****.]
Gold:   1716       SH:  0    Dex: 10    Spells: 15/15 levels left

rFire   . . .      SeeInvis .    a - +12 halberd "Birrudur" {flame, +Blink}
rCold   + . .      Faith    .    (shield currently unavailable)
rNeg    . . .      Spirit   .    Q - +3 chain mail {rPois}
rPois   +          Reflect  .    j - +2 hat
rElec   .          Harm     .    C - +2 cloak {Will+}
rCorr   .          Rampage  .    N - +2 pair of gloves
Will    ++++.                    H - +5 pair of boots "Vuell" {+Blink Int+3 Dex-4}
Stlth   ..........               V - amulet of regeneration
HPRegen 2.21/turn                q - +4 ring of protection
MPRegen 0.15/turn                s - ring of protection from cold

@: strong-willed, on berserk cooldown, regenerating, slowed, studying Armour,
very slow
A: (nimble swimmer 2), mertail
a: Renounce Religion, Evoke Blink, Berserk, Trog's Hand, Brothers in Arms


You were on level 15 of the Dungeon.
You worshipped Trog.
Trog was extremely pleased with you.
You visited 2 branches of the dungeon, and saw 20 of its levels.
You also visited: Bailey.

You collected 1716 gold pieces.

Inventory:

Hand Weapons
 a - the +12 halberd "Birrudur" (weapon) {flame, +Blink}
   (You found it on level 8 of the Dungeon)

   It burns those it strikes, dealing additional fire damage.
   Big, fiery blades are also staple armaments of hydra-hunters.
   +Blink:    It lets you blink.
 b - a +2 antimagic bardiche
Missiles
 g - 156 stones
 p - 10 boomerangs (quivered)
 t - 13 javelins
 u - 50 poisoned darts
 y - 8 curare-tipped darts
 P - 4 throwing nets
Armour
 j - a +2 hat (worn)
 C - a +2 cloak of willpower (worn)
 H - the +5 pair of boots "Vuell" (worn) {+Blink Int+3 Dex-4}
   (You acquired it on level 11 of the Dungeon)

   Int:       It affects your intelligence (+3).
   Dex:       It affects your dexterity (-4).
   +Blink:    It lets you blink.
 I - +2 fire dragon scales
 N - a +2 pair of gloves (worn)
 Q - a +3 chain mail of poison resistance (worn)
Jewellery
 d - a ring of positive energy
 q - a +4 ring of protection (left hand)
 s - a ring of protection from cold (right hand)
 E - a ring of willpower
 R - a ring of protection from cold
 S - a +4 ring of evasion
 V - an amulet of regeneration (around neck)
Wands
 v - a wand of light (23)
 F - a wand of polymorph (13)
 O - a wand of roots (18)
 U - a wand of paralysis (6)
 W - a wand of flame (12)
Scrolls
 f - 2 scrolls of silence
 h - 9 scrolls of blinking
 l - a scroll of immolation
 m - 7 scrolls of teleportation
 r - 3 scrolls of magic mapping
 w - 6 scrolls of butterflies
 L - 4 scrolls of fear
 M - 3 scrolls of poison
Potions
 c - a potion of cancellation
 e - 2 potions of mutation
 i - 3 potions of flight
 k - 3 potions of resistance
 n - 5 potions of lignification
 o - 4 potions of berserk rage
 x - 9 potions of curing
 z - 4 potions of ambrosia
 A - a potion of attraction
 B - 3 potions of might
 D - 2 potions of invisibility
 G - a potion of magic
 J - 2 potions of heal wounds
 K - 3 potions of haste
Miscellaneous
 T - a lightning rod (4/4)


   Skills:
 - Level 12.0 Fighting
 + Level 22.7 Polearms
 + Level 15.5 Throwing
 + Level 10.9 Armour
 - Level 12.0 Dodging
 - Level 6.0 Evocations


You had 15 spell levels left.
You didn't know any spells.
Your spell library was empty.

Dungeon Overview and Level Annotations

Branches:
Dungeon (15/15)            Temple (0/1) D:7            Lair (5/5) D:11
 Shoals (0/4) Lair:3       Spider (0/4) Lair:2        Slime (0/5) Lair:5
    Orc (0/2) D:10         Vaults (0/5) D:13         Depths (0/4) D:15
 Bailey (visited)

Altars:
Ashenzari
Cheibriados
Dithmenos
Fedhas
Hepliaklqana
Makhleb
Nemelex Xobeh
Okawaru
Ru
Sif Muna
Trog
Uskayaw
Vehumet
Wu Jian
Xom
Yredelemnul
The Shining One
Jiyva

Shops:
D:4 (

Annotations:
D:5 1 runed translucent door, exclusion: door, Crazy Yiuf


Innate Abilities, Weirdness & Mutations

((You are very nimble when in or above water. (Stealth+, EV+, Speed+++)))
Your lower body shifts to a powerful aquatic tail in water.


Message History

You slice the storm dragon!! You burn the storm dragon!
The storm dragon is almost dead.
You slice the storm dragon!! You burn the storm dragon.
You kill the storm dragon!
Trog accepts your kill.
You start resting.
You feel a strong urge to attack something.
Found a sling.
There is an escape hatch in the ceiling here.
You start resting.
You feel your anger nearly subside.
You are no longer berserk.
You are exhausted.
You feel yourself slow down.
You start resting.
A fire giant comes into view.
It is wielding a +2 great sword of flaming.
You throw a boomerang. The boomerang hits the fire giant!!
The fire giant is moderately wounded.
You throw a boomerang. The boomerang hits the fire giant!
The fire giant is heavily wounded.
You throw a boomerang.
The boomerang barely misses the fire giant.
The fire giant points at you and mumbles some strange words.
The fireball explodes!
The fireball engulfs you!!
The fire giant gestures at you while chanting.
The fireball explodes!
The fireball engulfs you!!
You hear a horrible gurgling sound!
Items here: ) [ †.
You slash the fire giant!
The fire giant is heavily wounded.
The fire giant points at you and mumbles some strange words.
The fireball explodes!
The fireball engulfs you!!!
* * * LOW HITPOINT WARNING * * *
The fireball engulfs the fire giant!
The fire giant resists.
You hear an angry buzzing noise.
You are too injured to fight recklessly!
You impale the fire giant!! You burn the fire giant.
The fire giant is almost dead.
The fire giant gestures at you while chanting.
The fireball explodes!
The fireball engulfs you!!!
You die...

#.>..#...#... ##.#
#..<...#...#. #...# !§
#............ ...|.##
!≈############## #.)....
#≈#############
#.....+###§§≈≈§≈≈##....
#...'..##).....≈##.##.
#..+C..+...#...≈##..#.
+#.@'....#...≈##..##
#..').....##.§##....
##+..<..)....≈##.#)#
#≈##.....#'#+######+#'
###########≈$....###.#.####.#.#
#........##§!....)#†.....#.....
##....<..##≈?##..#..⌠P..#'#.#..
#...<.<.##≈$..#.'#.P8P..#(....
#.......##≈(..#.#...P⌠.#'#...#


You could see a fire giant.

Vanquished Creatures
  2 storm dragons
  2 frost giants
  A ghost moth (shapeshifter) (D:15)
  A vampire knight (D:15)
  A bunyip (shapeshifter) (D:12)
  3 dire elephants (Lair:5)
  2 ettins
  An entropy weaver (shapeshifter) (D:15)
  Snorg (D:14)
  A fire dragon (D:12)
  2 great orbs of eyes (D:15)
  Harold (D:10)
  3 vault guards (D:13)
  10 hydras
  2 catoblepae
  A rakshasa (D:15)
  A death knight (D:14)
  4 centaur warriors (D:15)
  An ogre mage (D:15)
  Erica (D:10)
  4 two-headed ogres
  8 boulder beetles
  A satyr (shapeshifter) (D:15)
  A death yak (Lair:5)
  3 tengu warriors
  A shock serpent (shapeshifter) (D:15)
  2 deep troll earth magi
  Urug (D:13)
  A spectral death yak (Lair:5)
  3 fire crabs
  7 skeletal warriors
  A flayed ghost (D:15)
  A shadow wraith (D:15)
  A steelbarb worm (shapeshifter) (D:15)
  A glowing orange brain (D:11)
  An obsidian statue (Lair:5)
  4 necromancers (Lair:5)
  6 orc knights
  A lindwurm (Lair:3)
  4 wizards
  9 cyclopes
  5 deep elf pyromancers (D:15)
  An orc sorcerer (D:15)
  5 ugly things
  A will-o-the-wisp (Lair:5)
  8 manticores
  4 black mambas
  17 elephants
  A smoke demon (D:14)
  A gargoyle (D:14)
  A torpor snail (Lair:4)
  15 cane toads
  A yaktaur (shapeshifter) (D:15)
  4 rime drakes
  3 freezing wraiths
  3 kobold demonologists
  A komodo dragon (shapeshifter) (D:15)
  6 komodo dragons
  3 efreet (D:15)
  3 yaktaurs
  2 tengu conjurers
  An ice devil (D:14)
  5 trolls
  A polar bear (Lair:5)
  2 meliai
  A polar bear (shapeshifter) (D:15)
  Prince Ribbit (D:5)
  2 hornets
  24 slime creatures
  3 spectral elephants (Lair:5)
  8 blink frogs
  A shadow (D:10)
  Sigmund (D:5)
  4 wraiths
  8 spriggans (Bailey)
  2 vampires
  4 fire bats (Lair:3)
  A yak (shapeshifter) (D:15)
  4 basilisks
  3 wyverns
  55 yaks
  Grum (D:10)
  A redback (shapeshifter) (D:12)
  2 death yak simulacra (Lair:5)
  2 humans (D:8)
  7 vampire mosquitoes
  A warg (D:15)
  A spectral cane toad (Lair:5)
  12 water moccasins
  4 acid dragons
  A sky beast (D:8)
  3 black bears
  10 orc warriors
  3 ice beasts (D:6)
  9 ogres
  5 centaurs (D:12)
  13 wolves
  An elephant zombie (Lair:5)
  An elephant skeleton (Lair:5)
  2 lemures (D:9)
  A phantom (D:5)
  4 kobold brigands
  3 gnoll sergeants
  14 bullfrogs
  2 scorpions
  9 wights
  A hornet simulacrum (D:15)
  8 killer bees
  6 howler monkeys
  5 crimson imps
  6 hounds
  11 orc priests
  14 jellies
  A gnoll bouda (D:9)
  An iguana (D:5)
  17 orc wizards
  Natasha (thrice) (D:4)
  15 gnolls
  11 adders
  5 white imps
  An ufetubus (D:5)
  2 worms
  A dart slug (D:4)
  57 orcs
  17 endoplasms
  2 giant cockroaches
  7 goblins
  9 hobgoblins
  3 jackals (D:4)
  A quokka (D:1)
  9 ball pythons
  5 bats
  4 frilled lizards
  19 kobolds
  2 rats
673 creatures vanquished.

Vanquished Creatures (collateral kills)
  A dire elephant (Lair:5)
  A spectral anaconda (Lair:5)
2 creatures vanquished.

Vanquished Creatures (others)
  An orc (D:10)
  9 foxfires (Lair:5)
  20 fungi
  23 plants
  22 withered plants (Lair:5)
75 creatures vanquished.

Grand Total: 750 creatures vanquished

Notes
Turn   | Place    | Note
-------+----------+-------------------------------------------
     0 | D:1      | jejorda2 the Merfolk Berserker began the quest for the Orb.
     0 | D:1      | Reached XP level 1. HP: 18/18 MP: 1/1
   139 | D:1      | Reached XP level 2. HP: 24/24 MP: 2/2
   679 | D:1      | gold past fire
   810 | D:2      | Reached ** piety under Trog
   889 | D:2      | Reached XP level 3. HP: 29/29 MP: 3/3
   935 | D:2      | Reached skill level 5 in Polearms
  1046 | D:2      | Reached XP level 4. HP: 29/37 MP: 4/4
  1303 | D:3      | Found a hide-covered altar of Uskayaw.
  1416 | D:3      | Reached XP level 5. HP: 42/42 MP: 5/5
  1488 | D:3      | Reached skill level 6 in Polearms
  1511 | D:3      | Found a basalt altar of Yredelemnul.
  1561 | D:3      | Found a blossoming altar of Fedhas.
  2042 | D:3      | Found a hazy altar of Hepliaklqana.
  2459 | D:4      | Noticed Natasha
  2463 | D:4      | Killed Natasha
  2516 | D:4      | Reached skill level 7 in Polearms
  2516 | D:4      | Reached XP level 6. HP: 49/49 MP: 6/6
  2534 | D:4      | Found Caimm's Antique Weapon Boutique.
  2565 | D:4      | Found a shadowy altar of Dithmenos.
  2688 | D:4      | Noticed a black bear
  2694 | D:4      | Killed a black bear
  2723 | D:4      | Noticed Natasha
  2732 | D:4      | Killed Natasha
  2829 | D:4      | Noticed Natasha
  2834 | D:4      | Killed Natasha
  2835 | D:4      | Reached skill level 5 in Fighting
  2872 | D:4      | Reached XP level 7. HP: 53/56 MP: 7/7
  2994 | D:5      | Entered Level 5 of the Dungeon
  3010 | D:5      | Noticed Sigmund
  3019 | D:5      | Killed Sigmund
  3020 | D:5      | Reached skill level 8 in Polearms
  3094 | D:5      | Noticed Prince Ribbit
  3117 | D:5      | Killed Prince Ribbit
  3118 | D:5      | Reached skill level 9 in Polearms
  3198 | D:5      | Reached XP level 8. HP: 64/64 MP: 8/8
  3454 | D:5      | Reached skill level 10 in Polearms
  3668 | D:5      | Found a runed translucent door.
  3669 | D:5      | Noticed Crazy Yiuf
  3944 | D:6      | Reached skill level 18 in Polearms
  3944 | D:6      | Reached XP level 9. HP: 41/69 MP: 9/9
  3945 | D:6      | Reached skill level 20 in Polearms
  3945 | D:6      | Reached skill level 5 in Armour
  3945 | D:6      | Reached XP level 10. HP: 45/76 MP: 10/10
  4174 | D:6      | Found a sacrificial altar of Ru.
  4358 | D:6      | Found a broken altar of Ashenzari.
  4522 | D:6      | Reached skill level 1 in Evocations
  4623 | D:6      | Found a shimmering blue altar of Sif Muna.
  4774 | D:6      | Reached *** piety under Trog
  4852 | D:6      | Found a radiant altar of Vehumet.
  4853 | D:6      | Found a burning altar of Makhleb.
  5347 | D:7      | Found a staircase to the Ecumenical Temple.
  5360 | D:7      | Reached XP level 11. HP: 82/82 MP: 11/11
  5378 | D:7      | Reached **** piety under Trog
  5496 | D:7      | Found a sparkling altar of Nemelex Xobeh.
  5618 | D:7      | Identified the +8 trident of the Sea {flame, *Noise Str+5
                  | Dex+3}
  5646 | D:7      | Found a shimmering altar of Xom.
  5784 | D:8      | Reached skill level 5 in Dodging
  5832 | D:8      | Found a flagged portal.
  5850 | D:8      | Identified the +12 halberd "Birrudur" {flame, +Blink}
  5863 | Bailey   | Entered a bailey
  6166 | Bailey   | Noticed a two-headed ogre
  6173 | Bailey   | Killed a two-headed ogre
  6543 | D:8      | Found an iron altar of Okawaru.
  6618 | D:8      | Found an ornate altar of the Wu Jian Council.
  6663 | D:8      | Found a snail-covered altar of Cheibriados.
  7236 | D:9      | Reached ***** piety under Trog
  7626 | D:10     | Entered Level 10 of the Dungeon
  7746 | D:10     | Reached XP level 12. HP: 85/92 MP: 12/12
  7819 | D:10     | Noticed Grum
  7829 | D:10     | Killed Grum
  7969 | D:10     | Noticed Harold
  7978 | D:10     | Killed Harold
  7979 | D:10     | Reached skill level 5 in Evocations
  8181 | D:10     | Noticed a two-headed ogre
  8194 | D:10     | Killed a two-headed ogre
  8195 | D:10     | Reached skill level 10 in Dodging
  8292 | D:10     | Noticed Erica
  8307 | D:10     | Killed Erica
  8369 | D:10     | Found a staircase to the Orcish Mines.
  8380 | D:10     | Noticed a two-headed ogre
  8383 | D:10     | Killed a two-headed ogre
  8796 | D:11     | Found a staircase to the Lair.
  8812 | D:11     | Noticed Sonja
  8814 | D:11     | Sonja changed into Sonja the glowing orange brain
  8814 | D:11     | Noticed Sonja
  8829 | D:11     | Killed Sonja the glowing orange brain
  8830 | D:11     | Reached skill level 1 in Throwing
  8947 | D:11     | Identified a scroll of acquirement
  8947 | D:11     | Acquired the +5 pair of boots "Vuell" {+Blink Int+3 Dex-4}
  9230 | Lair:1   | Entered Level 1 of the Lair of Beasts
  9584 | Lair:1   | Noticed a catoblepas
  9587 | Lair:1   | Noticed a six-headed hydra
  9600 | Lair:1   | Killed a catoblepas
  9603 | Lair:1   | Killed a three-headed hydra
  9604 | Lair:1   | Reached XP level 13. HP: 56/103 MP: 13/13
  9607 | Lair:1   | Reached skill level 10 in Fighting
 10055 | Lair:2   | Found a shadowy altar of Dithmenos.
 10337 | Lair:2   | Reached skill level 5 in Throwing
 10424 | Lair:2   | Found a hole to the Spider Nest.
 11054 | Lair:2   | Received a gift from Trog
 11497 | Lair:3   | Found a transporter.
 11498 | Lair:3   | Found a bloodstained altar of Trog.
 11646 | Lair:3   | Found a transporter.
 11909 | Lair:3   | Found a staircase to the Shoals.
 12992 | Lair:4   | Reached XP level 14. HP: 112/114 MP: 14/14
 13221 | Lair:4   | Received a gift from Trog
 13663 | Lair:5   | Entered Level 5 of the Lair of Beasts
 13682 | Lair:5   | Reached skill level 10 in Throwing
 14289 | Lair:5   | Found a viscous altar of Jiyva.
 14293 | Lair:5   | Found a staircase to the Slime Pits.
 14454 | Lair:5   | Noticed a dire elephant
 14454 | Lair:5   | Noticed a dire elephant
 14454 | Lair:5   | Noticed a dire elephant
 14454 | Lair:5   | Noticed a dire elephant
 15487 | Lair:5   | Killed a dire elephant
 15493 | Lair:5   | Killed a dire elephant
 15511 | Lair:5   | Killed a dire elephant
 15519 | Lair:5   | Killed a dire elephant
 16019 | D:12     | Reached XP level 15. HP: 120/120 MP: 15/15
 16186 | D:12     | Noticed a frost giant
 16198 | D:12     | Killed a frost giant
 16255 | D:12     | Received a gift from Trog
 16263 | D:12     | Noticed a storm dragon
 16456 | D:12     | Killed a storm dragon
 16686 | D:12     | Identified the +4 ring mail of Lethargy {rC+ Slay+3}
 16932 | D:12     | Found a hide-covered altar of Uskayaw.
 17539 | D:13     | Reached skill level 21 in Polearms
 17947 | D:13     | Noticed Urug
 17959 | D:13     | Killed Urug
 18340 | D:13     | Found a gate to the Vaults.
 19149 | D:14     | Acquired a manual of Armour
 19236 | D:14     | Noticed Snorg
 19244 | D:14     | Killed Snorg
 19486 | D:15     | Entered Level 15 of the Dungeon
 19836 | D:15     | Reached XP level 16. HP: 127/127 MP: 16/16
 19912 | D:15     | Found a shadowy altar of Dithmenos.
 19913 | D:15     | Found a glowing golden altar of the Shining One.
 20134 | D:15     | Found a staircase to the Depths.
 20196 | D:15     | Found a bloodstained altar of Trog.
 20376 | D:15     | Reached skill level 22 in Polearms
 20457 | D:15     | Reached ****** piety under Trog
 20588 | D:15     | Reached skill level 15 in Throwing
 20603 | D:15     | Received a gift from Trog
 20616 | D:15     | Reached skill level 10 in Armour
 21056 | D:15     | Noticed a storm dragon
 21068 | D:15     | Killed a storm dragon
 21082 | D:15     | Killed from afar by a fire giant

Illustrated notes

#.## #.###.#..#####...#####...
#.####.###.#.## #○°☼# #..#
#.#........#.# #.☼§# #..#
#............# #§☼.# #..#
#.####.##....######...#####..#
#............#..§..$...§§§.)..
######)##....#.§§§...$.○☼☼...#
######.##....#...☼...$.○§§...#
##............@#####...#####...
##..#..#.##.....# #☼§§# #..#
#...#..#.##.#..## #°☼§# #.##
#...#:.#.##.#..# #☼§°# #.#
#...#..####.#..######...#####.##
#...#..####.....................
#...#.....#.#..####....##..##.##
#.#.#..##.#.#..####............#
#.#.#..........................#


Turn 679 on D:1: gold past fire

Levels and vault maps discovered:
D:1:      wheals_arrival_shading, layout_basic, lemuel_flame_loot_1
D:2:      layout_basic, minmay_misc_feat_pillars, hangedman_decor_push
D:3:      corexii_shack_village, layout_loops_ring,
          mainiacjoe_overflow_concentric_impassable, nzn_hepliaklqana_mist_gate,
          mainiacjoe_overflow_paths, lemuel_crystal_altar,
          kennysheep_generic_room_4
D:4:      layout_basic, nicolae_dithmenos_through_a_glass_darkly, serial_shops,
          nicolae_shop_overgrown_old_shop, uniq_natasha
D:5:      layout_rooms, uniq_sigmund, uniq_crazy_yiuf_cottage,
          uniq_prince_ribbit1
D:6:      layout_gridville, grunt_temple_overflow_lords_of_destruction,
          evilmike_ruin_ashenzari, mainiacjoe_overflow_24_doors,
          mainiacjoe_overflow_boulevard, dk_noncrumbling_3
D:7:      layout_cave_pools, nemelex_xobeh_ov_fountains_minmay,
          kennysheep_mini_moat, minmay_temple_entry_glassed_door
D:8:      layout_cave_pools, okawaru_humans,
          mainiacjoe_overflow_surrounded_room, cheibrodos_worm_habitat,
          enter_bailey_2
D:9:      layout_roguey, uniq_pikel
D:10:     layout_roguey, minmay_orc_entry_temple_small, special_room
          [special_room_orc], minmay_fractal_squares_5, uniq_erica, uniq_grum,
          uniq_harold
D:11:     layout_loops_cross, david_lair_shrubbed, uniq_sonja
D:12:     minmay_sliced_demisemicircle, layout_rooms, nicolae_uskayaw_suspiria
D:13:     layout_loops_ring, grunt_vaults_entry_fortified, due_unseen_surprise,
          uniq_urug
D:14:     layout_irregular_city, minmay_fire_ice_demons, uniq_snorg
D:15:     hangedman_slaughterboxes
Lair:1:   layout_roguey, hangedman_lair_generics_rect
Lair:2:   lemuel_slime, layout_layer_cave, hellmonk_spider_entry_not_the_bees,
          basic_altar
Lair:3:   gammafunk_cloud_chamber, layout_chaotic_city,
          elwin_shoals_entry_rocks, basic_altar, serial_bayou_pond_d,
          grunt_megastairs_5
Lair:4:   layout_cave_pods
Lair:5:   due_jungle_book, layout_gridlike, dpeg_slime_entry_corner,
          chequers_serial_rivers_room_b, pond

Skill      XL: |  1  2  3  4  5  6  7  8  9 10 11 12 13 14 15 16 |
---------------+-------------------------------------------------+-----
Polearms       | 5 7 9 18 20 21 22 | 22.7
Armour         | 2 3 4 5 6 8 10 | 10.9
Fighting       | 4 5 6 8 9 11 12 | 12.0
Dodging        | 4 9 12 | 12.0
Evocations     | 1 4 6 |  6.0
Throwing       | 3 9 13 14 15 | 15.5

Action                   |  1- 3 |  4- 6 |  7- 9 | 10-12 | 13-15 | 16-18 || total
-------------------------+-------+-------+-------+-------+-------+-------++-------
Melee: Spear             |    86 |    50 |     4 |       |       |       ||   140
       Glaive            |       |   118 |     7 |   195 |       |       ||   320
       Halberd           |       |       |    99 |   345 |   928 |   334 ||  1706
       Tailslap          |       |       |       |     1 |     3 |       ||     4
       Bardiche          |       |       |       |       |    10 |       ||    10
Throw: Stone             |     1 |     5 |     3 |     7 |       |       ||    16
       Dart              |       |       |       |     4 |     6 |       ||    10
       Boomerang         |       |       |       |     1 |    37 |     9 ||    47
Invok: Trog's Hand       |       |     3 |     1 |     4 |     4 |     5 ||    17
       Berserk           |       |     1 |     4 |     5 |    10 |     5 ||    25
       Brothers in Arms  |       |       |       |       |     1 |       ||     1
Evoke: Wand              |       |       |       |     2 |       |       ||     2
  Use: Scroll            |       |       |    15 |    13 |     5 |       ||    33
       Potion            |       |       |     2 |       |     1 |       ||     3
 Stab: Sleeping          |     1 |       |       |       |       |       ||     1
       Petrified         |       |       |       |     3 |     2 |       ||     5
       Distracted        |       |       |       |       |     1 |     1 ||     2
Armor: Animal skin       |     2 |       |       |       |       |       ||     2
       Leather armour    |     8 |       |       |       |       |       ||     8
       Plate armour      |    23 |   107 |    82 |   121 |       |       ||   333
       Chain mail        |       |       |       |    44 |   468 |   171 ||   683
       Fire dragon scale |       |       |       |       |    19 |       ||    19
Dodge: Dodged            |    24 |    44 |    41 |   106 |   394 |   106 ||   715

Table legend: (Time is in decaauts)
 A = Elapsed time spent in this place.
 B = Non-inter-level travel time spent in this place.
 C = Inter-level travel time spent in this place.
 D = Time resting spent in this place.
 E = Time spent auto-exploring this place.
 F = Levels seen in this place.
 G = Mean time per level.
                   A        B        C        D        E       F      G
               +--------+--------+--------+--------+--------+-----+--------+
         Total |  20714 |  19955 |    759 |   2764 |  13392 |  21 |  986.4 |
       Dungeon |  13884 |  13343 |    541 |   1698 |   8993 |  15 |  925.6 |
          Lair |   6399 |   6182 |    217 |    931 |   4206 |   5 | 1279.8 |
        Bailey |    430 |    430 |      0 |    134 |    193 |   1 |  430.0 |
               +--------+--------+--------+--------+--------+-----+--------+

Top non-repeatable levels by time:
  Lair:5: 1968 daAuts
    D:15: 1450 daAuts
    D:13: 1368 daAuts
  Lair:4: 1290 daAuts
  Lair:2: 1286 daAuts
    D:12: 1282 daAuts
     D:6: 1046 daAuts
  Lair:3: 1035 daAuts
    D:14: 1014 daAuts
     D:3: 923 daAuts
     D:5: 915 daAuts
    D:10: 889 daAuts
     D:4: 850 daAuts
     D:9: 824 daAuts
  Lair:1: 819 daAuts
